 Dungeon Crawl Stone Soup version 0.30.0-30-g96aa6591b8 (webtiles) character file.

Game seed: 774429278942675737

2816 safid the Frost Mage (level 9, 0/71 HPs)
             Began as a Merfolk Ice Elementalist on June 26, 2023.
             Slain by a troll (9 damage)
             ... on level 7 of the Dungeon.
             The game lasted 00:12:55 (7538 turns).

safid the Frost Mage (Merfolk Ice Elementalist)     Turns: 7538, Time: 00:12:56

Health: 0/71       AC: 13    Str:  8    XL:     9   Next: 72%
Magic:  4/18       EV: 13    Int: 18    God:
Gold:   403        SH:  4    Dex: 17    Spells: 8/20 levels left

rFire   + . .        v - +9 long sword of Qezealu {pain, Dex+2}
rCold   . . .        t - +0 buckler
rNeg    . . .        a - +0 robe
rPois   .            (no helmet)
rElec   .            q - +2 cloak
rCorr   .            (no gloves)
SInv    .            h - +0 pair of boots
Will    +....        (no amulet)
Stlth   ++           g - ring of willpower
HPRegen 0.31/turn    k - ring of protection from fire
MPRegen 0.16/turn

%: no passive effects
@: ice-armoured, freezing walls
A: (nimble swimmer 2), mertail
a: no special abilities


You were on level 7 of the Dungeon.
You visited 1 branch of the dungeon, and saw 10 of its levels.

You collected 403 gold pieces.

Inventory:

Hand Weapons
 v - the +9 long sword of Qezealu (weapon) {pain, Dex+2}
   (You found it on level 5 of the Dungeon)

   Dex:       It affects your dexterity (+2).
Armour
 a - a +0 robe (worn)
 h - a +0 pair of boots (worn)
 q - a +2 cloak (worn)
 t - a +0 buckler (worn)
Jewellery
 f - a ring of fire
 g - a ring of willpower (left hand)
 i - a ring of see invisible
 k - a ring of protection from fire (right hand)
Wands
 s - a wand of flame (59)
Scrolls
 c - a scroll of amnesia
 d - 2 scrolls of fog
 m - 4 scrolls of enchant weapon
 r - a scroll of silence
 w - a scroll of blinking
 x - a scroll of enchant armour {unknown}
Potions
 b - a potion of magic
 e - 3 potions of haste
 j - 3 potions of flight
 l - 4 potions of mutation {unknown}
 n - 2 potions of attraction {unknown}
 o - 4 potions of curing
 p - 3 potions of might {unknown}
 u - a potion of invisibility {unknown}
 z - 2 potions of heal wounds {unknown}
 A - a potion of ambrosia {unknown}
 B - a potion of lignification {unknown}


   Skills:
 + Level 6.6 Fighting
 - Level 4.0 Dodging
 - Level 2.1 Stealth
 + Level 6.0 Spellcasting
 + Level 3.9 Conjurations
 + Level 3.8 Translocations
 + Level 8.2 Ice Magic


You had 8 spell levels left.
You knew the following spells:

 Your Spells              Type           Power      Damage    Failure   Level
a - Freeze                Ice            100%       1d10      1%          1
b - Frozen Ramparts       Ice            70%        1d11      1%          3
c - Ozocubu's Armour      Ice            35%        N/A       1%          3
d - Hailstorm             Conj/Ice       27%        3d7       4%          3
e - Blink                 Tloc           38%        N/A       6%          2

Your spell library contained the following spells:

 Spells                   Type           Power      Damage    Failure   Level
 Lesser Beckoning         Tloc           38%        N/A       6%          2
 Momentum Strike          Conj/Tloc      38%        3d9       6%          2
 Cigotuvi's Dreadful Rot  Necr/Pois/Air  10%        N/A       28%         2
 Summon Ice Beast         Ice/Summ       20%        N/A       34%         4
 Ignite Poison            Fire/Tmut/Pois 5%         N/A       50%         3
 Sticky Flame             Conj/Fire      12%        2d4       65%         4
 Dispel Undead            Necr           5%         3d7       88%         4
 Death Channel            Necr           2%         N/A       100%        6
 Ignition                 Fire           2%         3d3       100%        8


Dungeon Overview and Level Annotations

Branches:
Dungeon (10/15)
 Temple: D:4-7         Lair: D:8-11         Orc: D:9-12

Altars:
Gozag
Okawaru
Wu Jian
Yredelemnul

Shops:
D:4 =

Annotations:
D:5 2 transporters, alvan145's ghost, amateur HOFi


Innate Abilities, Weirdness & Mutations

((You are very nimble when in or above water. (Stealth+, EV+, Speed+++)))
Your lower body shifts to a powerful aquatic tail in water.


Message History

The kobold throws a stone.
The stone hits you but does no damage.
Unknown command.
Casting: Freeze (safe; 1% risk of failure)
Confirm with . or Enter, or press ? or * to list all spells.
Aiming: Freeze (safe; 1% risk of failure)
Press: ? - help, Shift-Dir - straight line, f/p - two-headed ogre
Aim: a two-headed ogre, wielding two +0 giant clubs (almost dead)
You freeze the two-headed ogre.
You kill the two-headed ogre!
Your Spellcasting skill increases to level 6!
Your Ice Magic skill increases to level 8!
Unknown command.
Casting: Freeze (safe; 1% risk of failure)
Confirm with . or Enter, or press ? or * to list all spells.
Casting: Frozen Ramparts (safe; 1% risk of failure)
Press: ? - help, Dir - look around, f - activate The walls around you are covered in ice.
The wall freezes the kobold.
You kill the kobold!
The wall freezes the troll.
Unknown command.
Unknown command.
Casting: Frozen Ramparts (safe; 1% risk of failure)
Confirm with . or Enter, or press ? or * to list all spells.
Aiming: Freeze (safe; 1% risk of failure)
Press: ? - help, Shift-Dir - straight line, f - troll
Aim: a troll (lightly wounded)
You freeze the troll!
The troll is moderately wounded.
The wall freezes the troll.
The troll closely misses you. x2
You block the troll's attack.
Casting: Freeze (safe; 1% risk of failure)
Confirm with . or Enter, or press ? or * to list all spells.
Aiming: Freeze (safe; 1% risk of failure)
Press: ? - help, Shift-Dir - straight line, f/p - troll
Aim: a troll (moderately wounded)
You freeze the troll!
The troll is heavily wounded.
The wall freezes the troll!
The troll bites you!
You die...

.. #. .## ..# #####
#.#
$#.###...##########.#
......T)..#.........##
#@....###.###..##
##...##..#..##..##
##.##..###..##..#
###.#. ..#.##.# #. .
...#.# # #. .#.#.# #
##..# #.#.. ...#..


You could see a troll.

Vanquished Creatures
  A two-headed ogre (D:7)
  A water moccasin (D:5)
  2 black bears
  An ice beast (D:6)
  A centaur (D:7)
  A phantom (D:5)
  2 kobold brigands
  2 bullfrogs
  3 scorpions
  5 wights (D:6)
  3 howler monkeys
  5 hounds
  5 orc priests
  4 iguanas
  5 jellies
  Natasha (twice) (D:2)
  4 orc wizards
  3 gnolls (D:6)
  3 adders (D:3)
  A white imp (D:5)
  An ufetubus (D:6)
  A dart slug (D:4)
  19 orcs
  7 endoplasms
  6 giant cockroaches
  4 goblins
  7 hobgoblins
  9 jackals
  18 kobolds
  6 quokkas
  6 ball pythons
  6 bats
  2 frilled lizards
  9 rats
  A spectral orc (D:3)
156 creatures vanquished.

Notes
Turn   | Place    | Note
-------+----------+-------------------------------------------
     0 | D:1      | safid the Merfolk Ice Elementalist began the quest for the
                  | Orb.
     0 | D:1      | Reached XP level 1. HP: 13/13 MP: 3/3
   155 | D:1      | Reached XP level 2. HP: 20/20 MP: 1/5
   294 | D:1      | Reached skill level 1 in Fighting
   484 | D:1      | Reached XP level 3. HP: 26/26 MP: 6/6
   489 | D:1      | Found a faded altar of an unknown god.
   960 | D:2      | Noticed Natasha
   966 | D:2      | Killed Natasha
  1009 | D:2      | Noticed Natasha
  1081 | D:2      | Reached skill level 5 in Ice Magic
  1081 | D:2      | Reached XP level 4. HP: 33/33 MP: 6/8
  1145 | D:2      | Learned a level 3 spell: Frozen Ramparts
  1149 | D:2      | Learned a level 3 spell: Ozocubu's Armour
  1419 | D:2      | Found an ornate altar of the Wu Jian Council.
  1563 | D:2      | Killed Natasha
  2034 | D:3      | Reached XP level 5. HP: 39/39 MP: 6/9
  2573 | D:3      | Found an iron altar of Okawaru.
  2599 | D:3      | Found a basalt altar of Yredelemnul.
  2964 | D:4      | Found Xiuzo's Jewellery Boutique.
  3132 | D:4      | Noticed a black bear
  3144 | D:4      | Killed a black bear
  3145 | D:4      | Reached XP level 6. HP: 25/48 MP: 1/11
  3473 | D:4      | Identified the +0 ring mail of Perfidy {rCorr Int+3}
  3640 | D:4      | Reached skill level 6 in Ice Magic
  4069 | D:4      | Learned a level 3 spell: Hailstorm
  4072 | D:4      | Learned a level 2 spell: Blink
  4580 | D:5      | Entered Level 5 of the Dungeon
  4866 | D:5      | Reached XP level 7. HP: 15/54 MP: 6/13
  5207 | D:5      | Reached skill level 1 in Conjurations
  5306 | D:5      | Identified the +9 long sword of Qezealu {pain, Dex+2}
  5350 | D:5      | Reached skill level 1 in Translocations
  5764 | D:5      | Reached XP level 8. HP: 56/61 MP: 7/14
  5922 | D:5      | Noticed alvan145's ghost (amateur HOFi)
  5923 | D:5      | Found a transporter.
  5979 | D:5      | Found a transporter.
  6284 | D:6      | Reached skill level 5 in Fighting
  6463 | D:6      | Reached skill level 7 in Ice Magic
  6474 | D:6      | Reached skill level 5 in Spellcasting
  6915 | D:6      | Reached XP level 9. HP: 69/69 MP: 16/16
  7295 | D:7      | You fall into a shaft and drop 3 floors!
  7295 | D:10     | Entered Level 10 of the Dungeon
  7424 | D:8      | Found an opulent altar of Gozag.
  7526 | D:7      | Noticed a two-headed ogre
  7532 | D:7      | Noticed a troll
  7535 | D:7      | Killed a two-headed ogre
  7536 | D:7      | Reached skill level 8 in Ice Magic
  7538 | D:7      | Slain by a troll

Illustrated notes

Levels and vault maps discovered:
D:1:      minmay_arrival_doors, layout_loops_ring, serial_rivers,
          chequers_serial_rivers_small_a, chequers_serial_rivers_large_b,
          chequers_serial_rivers_small_a, chequers_serial_rivers_micro_d,
          chequers_serial_rivers_micro_e, chequers_serial_rivers_large_a,
          basic_ecumenical_altar
D:2:      layout_basic, basic_altar, minmay_tetromino_o2, uniq_natasha
D:3:      layout_loops_corners, yredelemnul_forgotten_temple_becter,
          hellmonk_okawaru_the_only_friend_you_need
D:4:      layout_layer_cave, serial_shops, nicolae_shop_tiny_statue_garden,
          st_stairs_10
D:5:      layout_loops_corners, gammafunk_ghost_smash, minmay_misc_feat_columns,
          kennysheep_diamond, st_stairs_14
D:6:      layout_loops_ring
D:7:      minmay_the_grid_octo_2x2 [minmay_the_grid_octo_focus,
          minmay_the_grid_octo_teeth, minmay_the_grid_octo_clover_2,
          minmay_the_grid_octo_prize_single_spiral], layout_loops_ring,
          makhleb_grotto_becter, minmay_temple_entry_offerings, enter_bailey_4
D:8:      layout_basic, lemuel_tele_altar, mainiacjoe_overflow_alcove_1,
          grunt_gozag_breadcrumbs, minivault_22,
          nicolae_concentric_dashed_squares_mild, serial_bayou_pond_e,
          nicolae_two_hexagons
D:9:      layout_cave_pools, grunt_dithmenos_smoke
D:10:     layout_rooms, nicolae_qazlal_general_emergency, serial_demonic,
          serial_demonic_b, serial_demonic_a, serial_demonic_d,
          serial_demonic_e, serial_demonic_g, serial_demonic_e, serial_shops,
          shop, kennysheep_generic_room_13

Skill      XL: |  1  2  3  4  5  6  7  8  9 |
---------------+----------------------------+-----
Fighting       | 1 2 3 4 5 6 |  6.6
Ice Magic      | 5 6 7 8 |  8.2
Spellcasting   | 3 4 5 6 |  6.0
Dodging        | 3 4 |  4.0
Conjurations   | 1 2 3 |  3.9
Translocations | 1 2 3 |  3.8
Stealth        | |  2.1

Action                     |  1- 3 |  4- 6 |  7- 9 || total
---------------------------+-------+-------+-------++-------
  Melee: Broad axe         |    12 |       |       ||    12
         Tailslap          |     1 |       |       ||     1
         Dagger            |    42 |   130 |     8 ||   180
         Punch             |     1 |     1 |       ||     2
         Long sword        |       |       |    78 ||    78
   Cast: Freeze            |    18 |    37 |    26 ||    81
         Frozen Ramparts   |       |     8 |    22 ||    30
         Ozocubu's Armour  |       |     7 |    14 ||    21
    Use: Scroll            |       |       |     9 ||     9
   Stab: Sleeping          |     5 |     2 |     1 ||     8
 Armour: Robe              |    10 |    47 |    63 ||   120
  Dodge: Dodged            |    33 |    96 |    80 ||   209
  Block: Buckler           |       |       |    27 ||    27
